 Dungeon Crawl Stone Soup version 0.28.0-45-g0d030f2227 (webtiles) character file.

Game seed: 7918871440349012178

5392 bnorton916 the Thaumaturge (level 10, -10/63 HPs)
             Began as a Barachi Ice Elementalist on Apr 5, 2022.
             Was a Believer of Cheibriados.
             Mangled by a troll (16 damage)
             ... on level 9 of the Dungeon.
             The game lasted 00:26:24 (12502 turns).

bnorton916 the Thaumaturge (BaIE)                  Turns: 12502, Time: 00:26:24

Health: -10/63     AC:  9    Str: 13    XL:     10   Next: 66%
Magic:  9/22       EV: 12    Int: 37    God:    Cheibriados [**....]
Gold:   515        SH:  0    Dex: 17    Spells: 4/26 levels left

rFire   . . .      SeeInvis +   x - +0 falchion (elec)
rCold   . . .      Faith    .   (no shield)
rNeg    + . .      Spirit   .   K - +4 leather armour of the Moon Troll {+Blink rCorr Int+7 Dex-5}
rPois   .          Reflect  .   u - +0 helmet
rElec   .          Harm     .   (no cloak)
rCorr   +          Rampage  .   J - +0 pair of gloves
Will    +....                   (no boots)
Stlth   ++........              (no amulet)
HPRegen 0.20/turn               t - ring of Sainu {Drain rN+ Will+ Int+5 SInv}
MPRegen 0.18/turn               F - +6 ring of dexterity

@: unable to hop, very slow
A: amphibious, slowness 1, strong legs 1, +LOS
a: Hop, Renounce Religion, Evoke Blink, Bend Time


You were on level 9 of the Dungeon.
You worshipped Cheibriados.
Cheibriados was pleased with you.
You visited 1 branch of the dungeon, and saw 9 of its levels.
You also visited: Sewer.

You collected 1098 gold pieces.
You spent 583 gold pieces at shops.

Inventory:

Hand Weapons
 f - a +5 trident
 j - a +2 scythe of venom
 x - a +0 falchion of electrocution (weapon)
 L - a +1 dagger of venom
Missiles
 b - 10 javelins
 d - 5 silver boomerangs (quivered)
 h - 14 poisoned darts
 B - a curare-tipped dart
Armour
 a - a +0 robe
 u - a +0 helmet (worn)
 y - a +0 leather armour
 H - a +0 troll leather armour
 J - a +0 pair of gloves (worn)
 K - the +4 leather armour of the Moon Troll (worn) {+Blink rCorr Int+7 Dex-5}
   (You found it on level 9 of the Dungeon)

   Int:       It affects your intelligence (+7).
   Dex:       It affects your dexterity (-5).
   +Blink:    It lets you blink.
   rCorr:     It protects you from acid and corrosion.
 O - +0 acid dragon scales
Jewellery
 r - a ring of protection from fire
 t - the ring of Sainu (left hand) {Drain rN+ Will+ Int+5 SInv}
   (You bought it in a shop on level 4 of the Dungeon)

   [ring of positive energy]

   Int:       It affects your intelligence (+5).
   rN:        It protects you from negative energy.
   SInv:      It lets you see invisible.
   Drain:     It drains your maximum health when unequipped.
   Will:      It increases your willpower.
 v - a ring of positive energy
 D - a +6 ring of intelligence
 F - a +6 ring of dexterity (right hand)
Wands
 q - a wand of digging (5)
 s - a wand of flame (9)
 A - a wand of acid (13)
Scrolls
 c - 2 scrolls of enchant armour
 g - a scroll of holy word
 i - 2 scrolls of teleportation
 m - 2 scrolls of summoning
 n - a scroll of blinking
 o - 2 scrolls of fog {unknown}
 E - a scroll of vulnerability {unknown}
 G - a scroll of enchant weapon {unknown}
 I - a scroll of silence {unknown}
 M - a scroll of magic mapping {unknown}
Potions
 e - a potion of lignification
 k - 2 potions of curing
 l - 2 potions of haste
 p - a potion of mutation
 w - a potion of might
 z - 2 potions of resistance
 C - a potion of cancellation
 N - a potion of degeneration {unknown}


   Skills:
 - Level 4.0 Armour
 - Level 2.1 Dodging
 - Level 1.7 Stealth
 - Level 8.7 Spellcasting
 + Level 7.6 Conjurations
 - Level 4.9 Transmutations
 - Level 8.1 Ice Magic
 - Level 5.0 Air Magic
 - Level 6.3 Poison Magic


You had 4 spell levels left.
You knew the following spells:

 Your Spells              Type           Power      Damage    Failure   Level
a - Freeze                Ice            100%       1d11      1%          1
b - Frozen Ramparts       Ice            100%       1d12      1%          3
c - Ozocubu's Armour      Ice            67%        N/A       1%          3
d - Mephitic Cloud        Conj/Pois/Air  58%        N/A       1%          3
e - Ignite Poison         Fire/Tmut/Pois 43%        N/A       1%          3
f - Freezing Cloud        Conj/Ice/Air   30%        6-21      4%          5
g - Olgreb's Toxic Radia  Pois           58%        N/A       2%          4

Your spell library contained the following spells:

 Spells                   Type           Power      Damage    Failure   Level
 Ensorcelled Hibernation  Hex/Ice        92%        N/A       1%          2
 Spider Form              Tmut/Pois      55%        N/A       1%          3
 Hailstorm                Conj/Ice       66%        3d14      1%          4
 Pain                     Necr           64%        1d7       3%          1
 Anguish                  Hex/Necr       8%         N/A       30%         4
 Animate Dead             Necr           8%         N/A       30%         4
 Ozocubu's Refrigeration  Ice            33%        4d11      65%         7
 Haunt                    Necr/Summ      8%         N/A       100%        7
 Ignition                 Fire           8%         3d5       100%        8
 Infestation              Necr           8%         N/A       100%        8


Dungeon Overview and Level Annotations

Branches:
Dungeon (9/15)             Temple (0/1) D:6             Orc (0/2) D:9
  Sewer (visited)
   Lair: D:8-11

Altars:
Cheibriados
Fedhas
Gozag
Kikubaaqudgha
Makhleb
Ru
Sif Muna
Uskayaw
Vehumet
Wu Jian
Xom
Zin

Shops:
D:4 =

Annotations:
D:9 Psyche


Innate Abilities, Weirdness & Mutations

You are amphibious.
You cover ground slowly.
You can hop short distances.
You have an extended range of vision and can be seen from far away.


Message History

As you read the scroll of teleportation, it crumbles to dust.
You feel strangely unstable.
The death knight is poisoned.
The tengu warrior looks even sicker.
Your toxic aura wanes.
The wall freezes the death knight.
The death knight barely misses you.
The wall freezes the tengu warrior.
The tengu warrior hits you with a +2 broad axe.
The tengu warrior pecks you. The tengu warrior claws you.
Casting: Freeze (safe; 1% risk of failure)
Confirm with . or Enter, or press ? or * to list all spells.
Okay, then.
Unknown command.
Press: ? - help, v - describe, . - travel
Here: a death knight, wielding a +4 glaive and wearing a +0 chain mail (lightly wounded, poisoned)
The floor.
Unknown command.
Casting: Freeze (safe; 1% risk of failure)
Confirm with . or Enter, or press ? or * to list all spells.
You ignite the poison in your surroundings!
The tengu warrior seems to burn from within!!!
You kill the tengu warrior!
Cheibriados appreciates the change of pace.
The death knight seems to burn from within!
The death knight is moderately wounded.
The wall freezes the death knight!
The death knight hits you from afar with a +4 glaive!
* * * LOW HITPOINT WARNING * * *
Your Conjurations skill increases to level 7!
Hop to where?
Press: ? - help, Dir - move target Your icy armour and frozen ramparts will break if you move.
Continue?
Your icy armour cracks and falls away as you move.
The frozen ramparts melt away as you move.
Boing!
Your surroundings suddenly seem different.
A slime creature, Psyche and a troll come into view.
Psyche is wielding a +2 dagger of distortion and wearing a +0 robe of cold resistance.
Found a dented diamond amulet and a scroll of holy word.
The troll bites you!
You die...

##....#....# ###
#.YYYY#....#
##......Y.#..p....#
#....... #..#....#
...### ##..#....#
....##?#..J##...##
...."?(....###..#
#...#.##... #..#
#@T##. ###. #..##
#..#. . #.Yp○ ...#
#.### .#... #.#
..#.... #.# @.
##..## #.# .## ###
#.# #. ..# # ##


You could see a slime creature (wandering), Psyche and a troll.

Vanquished Creatures
  A tengu warrior (D:9)
  Maggie (D:9)
  A troll (D:8)
  A hornet (D:6)
  Sigmund (D:3)
  3 yaks (D:9)
  A water moccasin (D:6)
  Pargi (Sewer)
  5 orc warriors
  2 sky beasts (D:7)
  2 ogres
  A necrophage (D:6)
  2 centaurs (D:6)
  2 phantoms
  A kobold brigand (D:6)
  3 bullfrogs
  6 scorpions
  3 water moccasin zombies
  A howler monkey (D:8)
  3 wights (D:8)
  A bullfrog zombie (D:5)
  A centaur zombie (D:7)
  A bullfrog skeleton (D:3)
  3 hounds
  3 jellies
  2 orc priests
  3 iron imps (D:5)
  A gnoll shaman (D:6)
  12 orc wizards
  A hound skeleton (D:4)
  4 gnolls (D:6)
  11 adders
  4 shadow imps
  2 white imps
  2 ufetubi (D:5)
  2 worms
  2 dart slugs
  24 orcs
  7 endoplasms
  4 giant cockroaches
  13 goblins
  11 hobgoblins
  6 iguanas
  2 quokkas
  7 ball pythons
  4 bats (D:2)
  5 frilled lizards (Sewer)
  9 kobolds
  6 rats
194 creatures vanquished.

Vanquished Creatures (others)
  5 plants (D:3)
5 creatures vanquished.

Grand Total: 199 creatures vanquished

Notes
Turn   | Place    | Note
-------+----------+-------------------------------------------
     0 | D:1      | bnorton916 the Barachi Ice Elementalist began the quest for
                  | the Orb.
     0 | D:1      | Reached XP level 1. HP: 13/13 MP: 3/3
   279 | D:1      | Reached skill level 5 in Ice Magic
   306 | D:1      | Reached XP level 2. HP: 19/19 MP: 2/5
  1497 | D:2      | Reached XP level 3. HP: 22/24 MP: 3/7
  1501 | D:2      | Learned a level 3 spell: Frozen Ramparts
  1505 | D:2      | Learned a level 3 spell: Ozocubu's Armour
  2241 | D:3      | Reached XP level 4. HP: 30/30 MP: 6/9
  2290 | D:3      | Noticed Sigmund
  2301 | D:3      | Killed Sigmund
  2302 | D:3      | Reached XP level 5. HP: 19/35 MP: 1/12
  2302 | D:3      | Reached XP level 6. HP: 23/41 MP: 1/13
  2537 | D:3      | Found a glowing drain.
  2548 | Sewer    | Entered a sewer
  2919 | Sewer    | Noticed Pargi
  2927 | Sewer    | Killed Pargi
  2928 | Sewer    | Reached skill level 5 in Spellcasting
  2932 | Sewer    | Learned a level 3 spell: Mephitic Cloud
  3167 | D:3      | Reached XP level 7. HP: 38/46 MP: 12/15
  3261 | D:3      | Found a shimmering altar of Xom.
  3479 | D:3      | Reached skill level 1 in Air Magic
  3479 | D:3      | Reached skill level 1 in Poison Magic
  4068 | D:4      | Found a transporter.
  4106 | D:4      | Found a transporter.
  4645 | D:4      | Identified a scroll of acquirement
  4649 | D:4      | Acquired 675 gold pieces
  4846 | D:4      | Found Vuempu's One-of-a-Kind Rings.
  4854 | D:4      | Bought the ring of Sainu {Drain rN+ Will+ Int+5 SInv} for
                  | 583 gold pieces
  4967 | D:5      | Entered Level 5 of the Dungeon
  5064 | D:5      | Reached XP level 8. HP: 40/52 MP: 12/17
  6572 | D:5      | Found a sacrificial altar of Ru.
  6720 | D:6      | Learned a level 3 spell: Ignite Poison
  6726 | D:6      | Learned a level 5 spell: Freezing Cloud
  6930 | D:6      | Noticed a hornet
  6937 | D:6      | Killed a hornet
  6938 | D:6      | Reached skill level 1 in Conjurations
  6938 | D:6      | Reached skill level 1 in Transmutations
  7441 | D:6      | Reached XP level 9. HP: 29/57 MP: 8/19
  7721 | D:6      | Reached skill level 5 in Air Magic
  8021 | D:5      | Found a burning altar of Makhleb.
  8034 | D:5      | Learned a level 4 spell: Olgreb's Toxic Radiance
  8308 | D:5      | Reached skill level 5 in Poison Magic
  8789 | D:6      | Found a staircase to the Ecumenical Temple.
  8835 | D:6      | Found a hide-covered altar of Uskayaw.
  9233 | D:7      | Found an opulent altar of Gozag.
  9648 | D:7      | Found a snail-covered altar of Cheibriados.
  9658 | D:7      | Became a worshipper of Cheibriados the Contemplative
 10125 | D:7      | Found a glowing silver altar of Zin.
 10202 | D:7      | Found an ornate altar of the Wu Jian Council.
 10377 | D:8      | Noticed a troll
 10383 | D:8      | Killed a troll
 10384 | D:8      | Reached XP level 10. HP: 51/63 MP: 16/22
 10628 | D:8      | Reached skill level 5 in Conjurations
 10630 | D:8      | Reached * piety under Cheibriados
 10631 | D:8      | Reached skill level 1 in Armour
 10654 | D:8      | Found a blossoming altar of Fedhas.
 10682 | D:8      | HP: 1/55 [wight/+5 trident (2)]
 11638 | D:8      | Found a shimmering blue altar of Sif Muna.
 11640 | D:8      | Found an ancient bone altar of Kikubaaqudgha.
 11653 | D:8      | Got Kikubaaqudgha's Collected Works on Darkness
 11670 | D:8      | Found a radiant altar of Vehumet.
 12426 | D:9      | Identified the +4 leather armour of the Moon Troll {+Blink
                  | rCorr Int+7 Dex-5}
 12442 | D:9      | Found a staircase to the Orcish Mines.
 12464 | D:9      | Noticed Maggie
 12478 | D:9      | Killed Maggie
 12478 | D:9      | Reached ** piety under Cheibriados
 12488 | D:9      | Noticed a tengu warrior
 12489 | D:9      | Noticed a death knight
 12500 | D:9      | Killed a tengu warrior
 12502 | D:9      | Noticed Psyche
 12502 | D:9      | Mangled by a troll

Illustrated notes

Levels and vault maps discovered:
D:1:      lightli_arrival_lavapool, layout_loops_ring
D:2:      layout_basic
D:3:      corexii_shack_village, layout_loops_ring, dk_xom_monty_hall,
          portal_sewer_entry_d, uniq_sigmund
D:4:      gammafunk_wand_slinger, layout_rooms, nicolae_shop_unique_rings,
          kennysheep_generic_room_2
D:5:      layout_basic, demons_altar, mainiacjoe_overflow_alcove_4,
          serial_park_tiny_pond, grunt_decor_mini_mirrors
D:6:      layout_cave_pods, nicolae_uskayaw_dance_studio,
          minmay_temple_entry_from_below_b, minmay_checkerbox
D:7:      layout_cave_pods, pdpol_temple_overflow_zin_treasury_gozag_greed,
          nzn_wu_jian_council_hall, mainiacjoe_overflow_cross_hatched
D:8:      layout_rooms, palyth_temple_overflow_mages, fedhas_altar_2
D:9:      minmay_curly_fans, layout_basic, erik_lair_island, orc_0_dummy,
          serial_park_tiny_1, uniq_psyche, uniq_maggie

Skill      XL: |  1  2  3  4  5  6  7  8  9 10 |
---------------+-------------------------------+-----
Ice Magic      | 5 7 8 |  8.1
Spellcasting   | 3 4 5 6 7 8 |  8.7
Air Magic      | 2 4 5 |  5.0
Poison Magic   | 2 4 6 |  6.3
Conjurations   | 2 4 7 |  7.6
Transmutations | 2 4 |  4.9
Armour         | 4 |  4.0
Dodging        | |  2.1
Stealth        | |  1.7

Action                   |  1- 3 |  4- 6 |  7- 9 | 10-12 || total
-------------------------+-------+-------+-------+-------++-------
Melee: Unarmed           |     2 |       |       |       ||     2
       Scythe            |       |    24 |    97 |       ||   121
       Falchion          |       |       |    79 |    30 ||   109
       Punch             |       |       |     1 |       ||     1
Throw: Javelin           |     9 |       |    23 |       ||    32
       Boomerang         |       |       |       |     4 ||     4
 Cast: Freeze            |    45 |     6 |     1 |     1 ||    53
       Frozen Ramparts   |     1 |     9 |    65 |    10 ||    85
       Ozocubu's Armour  |       |     3 |    36 |     6 ||    45
       Olgreb's Toxic Ra |       |       |       |     5 ||     5
       Ignite Poison     |       |       |       |     5 ||     5
       Mephitic Cloud    |       |       |       |     3 ||     3
       Freezing Cloud    |       |       |       |     1 ||     1
 Abil: Hop               |       |       |       |     1 ||     1
Evoke: Wand              |       |       |     1 |       ||     1
  Use: Scroll            |       |       |    14 |     4 ||    18
       Potion            |       |       |       |     1 ||     1
 Stab: Sleeping          |       |     2 |     2 |       ||     4
Armor: Robe              |     6 |    20 |   104 |    12 ||   142
       Leather armour    |       |       |       |    11 ||    11
Dodge: Dodged            |    26 |    30 |   180 |    25 ||   261
